 Dungeon Crawl Stone Soup version 0.15-a0-2352-g26abbdd (webtiles) character file.

78455 MrRokkomies the Fetichist (level 15, -15/127 HPs)
             Began as a Minotaur Artificer on July 27, 2014.
             Was the Champion of Trog.
             Demolished by a sun demon (18 damage)
             ... summoned by an orc high priest
             ... on Level 4 of the Orcish Mines on July 31, 2014.
             The game lasted 02:25:55 (29438 turns).

MrRokkomies the Fetichist (Minotaur Artificer)     Turns: 29438, Time: 02:25:55

HP -15/127       AC 22     Str 18      XL: 15   Next: 18%
MP   0/9         EV  6     Int  9      God: Trog [******]
Gold 2941        SH  0     Dex 22      Spells:  0 memorised, 14 levels left

rFire  . . .     SeeInvis +     t - +2 claymore (antimagic)
rCold  . . .     Clarity  .     N - +0 plate armour
rNeg   . . .     rCorr    .     (no shield)
rPois  +         rRot     .     r - +1 hat {SInv}
rElec  .         Spirit   +     u - +0 cloak
SustAb .         Warding  .     Z - +1 pair of gloves {Dex+3}
rMut   .         Stasis   .     O - +0 pair of boots
Gourm  .                        F - amulet of guardian spirit
MR     +....                    M - ring of poison resistance
                                c - +4 ring of dexterity

@: somewhat resistant to hostile enchantments, extremely unstealthy
A: retaliatory headbutt, horns 2
a: Burn Spellbooks, Berserk, Trog's Hand, Brothers in Arms, Renounce Religion


You were on level 4 of the Orcish Mines.
You worshipped Trog.
Trog was exalted by your worship.
You were very hungry.

You visited 4 branches of the dungeon, and saw 23 of its levels.
You also visited: Ossuary.

You collected 3135 gold pieces.
You spent 194 gold pieces at shops.

Inventory:

Hand weapons
 a - a +6 great sword of protection
 b - the +8 arbalest of Vengeance {elec, rElec rF+ Stlth--}
   (Trog gifted it to you on level 8 of the Lair of Beasts)

   It charges the ammunition it shoots with electricity; occasionally upon a
   hit, such missiles may discharge and cause terrible harm.
   It protects you from fire.
   It insulates you from electricity.
   It makes you much less stealthy.
 q - a +4 scimitar of flaming
 t - a +2 antimagic claymore (weapon)
Missiles
 i - 65 bolts
 m - 93 bolts of flame
 v - 13 bolts of penetration
 E - a throwing net (quivered)
Armour
 r - a +1 hat of see invisible (worn)
 u - a +0 cloak (worn)
 N - a +0 plate armour (worn)
 O - a +0 pair of boots (worn)
 Z - a +1 pair of gloves of dexterity (worn)
Magical devices
 j - a wand of cold (11)
 n - a wand of digging (4)
 w - a wand of lightning (6)
 x - a wand of digging (8)
 z - a wand of draining (4)
 C - a wand of paralysis (4)
 K - a wand of teleportation (2)
 L - a wand of fire (10)
Comestibles
 f - 15 bread rations
 g - 12 meat rations
 B - a chunk of orc flesh
 D - 15 fruits
Scrolls
 e - a scroll of fear
 h - 12 scrolls of remove curse
 k - 8 scrolls of teleportation
 I - 5 scrolls of identify
 R - 2 scrolls of fog
 S - 3 scrolls of magic mapping
 U - 2 scrolls of blinking
Jewellery
 c - a +4 ring of dexterity (left hand)
 d - an uncursed amulet of clarity
 s - an uncursed amulet of stasis
 A - an uncursed ring of flight
 F - an amulet of guardian spirit (around neck)
 M - a ring of poison resistance (right hand)
 X - an uncursed ring of protection from cold
 Y - an uncursed ring of protection from magic
Potions
 p - 3 potions of curing
 J - 5 potions of haste
 T - a potion of resistance
Miscellaneous
 o - a sack of spiders {used: 1}
Rods
 P - a +3 rod of destruction (8/13)
   (You found it on level 9 of the Dungeon)
 Q - a +6 rod of clouds (9/9)
   (You acquired it on level 9 of the Dungeon)


   Skills:
 * Level 10.3 Fighting
   Level 1.1(6.1) Short Blades
 - Level 14.1 Long Blades
 * Level 14.8 Crossbows
 - Level 12.0 Armour
 - Level 2.1 Dodging
 - Level 0.7 Stealth
 - Level 15.0 Evocations


You had 14 spell levels left.
You didn't know any spells.

Dungeon Overview and Level Annotations

Branches:
Dungeon (10/15)            Temple (1/1) D:7             Orc (4/4) D:9
    Elf (0/3) Orc:3          Lair (8/8) D:9           Swamp (0/5) Lair:6
  Snake (0/5) Lair:3        Slime (0/6) Lair:6

Altars:
Ashenzari
Cheibriados
Dithmenos
Elyvilon
Fedhas
Gozag
Kikubaaqudgha
Makhleb
Nemelex Xobeh
Okawaru
Qazlal
Sif Muna
Trog
Vehumet
Xom
Yredelemnul
Zin
The Shining One
Beogh
Jiyva

Shops:
D:2 *   D:6 *   D:9 ?   Orc:2 :


Innate Abilities, Weirdness & Mutations

You reflexively headbutt those who attack you in melee.
You have a pair of horns on your head.


Message History

The sun demon hits you!
You are engulfed in flames!
The orc high priest mumbles some strange prayers to Beogh against you.
Pain shoots through your body! The sun demon hits you!
* * * LOW HITPOINT WARNING * * *
You are engulfed in flames!!
* * * LOW HITPOINT WARNING * * *
You hit the orc high priest. You headbutt the orc high priest.
The orc high priest is lightly wounded.
The sun demon barely misses you.
The orc high priest hits you but does no damage.
Unknown command.
Drink which item? (? for menu, Esc to quit)
Okay, then.
Read which item? (? for menu, Esc to quit)
As you read the scroll of fear, it crumbles to dust.
You assume a fearsome visage.
The sun demon is unaffected.
The orc high priest looks frightened!
The sun demon hits you!
* * * LOW HITPOINT WARNING * * *
You are engulfed in flames!!
You die...

####......)).............,,,,*#.
#......)..............,,,,*#.
####..................,****#.
#..###....)....###.,* #. #..*
#....)....# *,,* ## #..*
#.........# *,,* * #.,*
#....⌠....# *,,* #.,*
#.........# *,,* *,,*
#...@.....# *,,*
*,,**#...o3....#**, * #
**,...............,,,** *#
**,,...............,,,,** #.
**,,,....###...###..,,,,,**#.
*,,,,,..#*,..#..,**,,,,,,,**.
*,,,,,,#*∩,.###..∩**,,,,,,*#.
*,,,,,**∩,,#* *#.,∩**,,,,,*#.
************ ************#.


You could see an orc high priest (fleeing) and a sun demon.

Vanquished Creatures
  An orc warlord (Orc:4)
  Gastronok (Lair:3)
  Snorg (Lair:7)
  Josephine (Orc:3)
  4 hydras
  A rakshasa (D:9)
  An ice dragon (Lair:8)
  Erica (Lair:4)
  An ogre mage (Orc:3)
  3 orc high priests (Orc:4)
  8 death yaks
  Nergalle (Lair:8)
  An unseen horror (D:10)
  Erolcha (D:10)
  2 wolf spiders (Lair:8)
  4 oklob plants (Lair:5)
  3 orc knights (Orc:4)
  2 orc sorcerers (Orc:4)
  A red wasp (Lair:8)
  4 griffons
  30 elephants
  Maurice (Orc:3)
  Joseph (D:8)
  8 black mambas
  13 spiny frogs
  2 torpor snails (Lair:6)
  A guardian serpent (Lair:8)
  An item mimic (Orc:3)
  7 komodo dragons
  A queen ant (Lair:5)
  2 fire drakes
  A red devil (Orc:4)
  A troll (D:10)
  2 polar bears
  A hydra skeleton (D:10)
  6 blink frogs
  A boulder beetle (Lair:8)
  6 wyverns
  2 two-headed ogres
  29 yaks
  6 hippogriffs
  27 wolves
  2 nagas (Lair:3)
  4 wargs
  20 soldier ants (Lair:5)
  40 water moccasins
  2 ice beasts
  3 necrophages
  6 porcupines
  A black bear (D:8)
  2 yellow wasps (Lair:8)
  3 sky beasts
  4 centaurs
  17 ogres
  3 spiders (Lair:8)
  2 boring beetles
  35 orc warriors
  9 crocodiles
  A gnoll sergeant (D:4)
  3 elf zombies (Ossuary)
  28 giant frogs
  A yak zombie (D:9)
  A hippogriff zombie (D:9)
  3 scorpions
  5 wights (D:7)
  A tengu skeleton (D:10)
  An electric eel (Lair:2)
  A troll skeleton (D:9)
  4 crimson imps
  10 hounds
  A goliath beetle (D:6)
  31 orc wizards
  3 centaur zombies
  A gnoll shaman (D:6)
  A jelly (D:5)
  27 orc priests
  A giant frog skeleton (D:8)
  8 iguanas
  26 sheep
  29 worker ants
  2 ogre zombies
  2 big kobold zombies
  2 hound skeletons (D:6)
  2 hound zombies
  An ogre skeleton (D:10)
  Terence (D:2)
  4 mummies
  A worker ant zombie (D:8)
  A scorpion zombie (D:10)
  60 adders
  11 gnolls
  5 shadow imps
  3 white imps (Lair:8)
  4 giant mites
  55 green rats
  3 worms
  5 adder zombies (Ossuary)
  2 oozes
  118 orcs
  3 ball pythons
  16 bats
  4 gnoll zombies
  16 hobgoblins
  12 jackals
  24 kobolds
  10 quokkas
  5 giant cockroaches
  8 giant geckos
  5 giant newts
  21 goblins
  A goblin skeleton (Orc:3)
  A goblin zombie (Ossuary)
  2 hobgoblin skeletons
  3 hobgoblin zombies (Ossuary)
  A jackal zombie (Ossuary)
  6 kobold zombies (Ossuary)
  2 orc skeletons
  5 orc zombies
  3 quokka zombies
  16 rats
  7 rat zombies (Ossuary)
  A fungus (Lair:4)
  4 plants
989 creatures vanquished.

Vanquished Creatures (collateral kills)
  An elephant (Lair:8)
  A black bear (D:8)
  An orc wizard (D:7)
  A gnoll (D:4)
  3 orcs (D:7)
  A goblin (D:4)
8 creatures vanquished.

Vanquished Creatures (others)
  A jumping spider (Lair:8)
  A redback (Lair:8)
  2 trapdoor spiders (Lair:8)
  3 orc wizards
  15 fungi
  8 plants
30 creatures vanquished.

Grand Total: 1027 creatures vanquished

Notes
Turn   | Place    | Note
--------------------------------------------------------------
     0 | D:1      | MrRokkomies, the Minotaur Artificer, began the quest for the Orb.
     0 | D:1      | Reached XP level 1. HP: 16/16 MP: 1/1
   459 | D:1      | Reached skill level 3 in Evocations
   488 | D:1      | Reached XP level 2. HP: 16/24 MP: 2/2
  1210 | D:2      | Reached XP level 3. HP: 28/30 MP: 3/3
  1617 | D:2      | Found Zin's Purification Station.
  1619 | D:2      | Found a glowing silver altar of Zin.
  1642 | D:2      | Noticed Terence
  1646 | D:2      | Killed Terence
  1646 | D:2      | Reached XP level 4. HP: 26/38 MP: 4/4
  1685 | D:2      | Reached skill level 1 in Long Blades
  1829 | D:2      | Reached skill level 4 in Evocations
  1995 | D:2      | Found a sparkling altar of Nemelex Xobeh.
  1996 | D:2      | Found an opulent altar of Gozag.
  2525 | D:3      | Reached XP level 5. HP: 31/45 MP: 5/5
  3373 | D:4      | Found a basalt altar of Yredelemnul.
  3695 | D:4      | Reached skill level 5 in Evocations
  3695 | D:4      | Reached XP level 6. HP: 18/51 MP: 8/8
  4051 | D:4      | Reached skill level 1 in Crossbows
  4071 | D:4      | Found a sand-covered staircase.
  4081 | Ossuary  | Entered an ossuary
  4477 | Ossuary  | Reached skill level 5 in Long Blades
  4477 | Ossuary  | Reached XP level 7. HP: 55/57 MP: 8/8
  4816 | D:4      | Found an iron altar of Okawaru.
  4947 | D:5      | Entered Level 5 of the Dungeon
  5023 | D:5      | Reached skill level 6 in Long Blades
  5216 | D:5      | Reached skill level 5 in Crossbows
  5515 | D:5      | Reached XP level 8. HP: 56/66 MP: 6/9
  5574 | D:5      | Reached skill level 7 in Long Blades
  5890 | D:6      | Reached skill level 5 in Fighting
  5996 | D:6      | Reached skill level 8 in Long Blades
  6264 | D:6      | Found Bragemn's Assorted Antiques.
  6743 | D:6      | Reached skill level 9 in Long Blades
  6976 | D:7      | Reached XP level 9. HP: 70/79 MP: 9/11
  7008 | D:7      | Found a staircase to the Ecumenical Temple.
  7018 | Temple   | Entered the Ecumenical Temple
  7562 | D:7      | Reached skill level 10 in Long Blades
  8463 | D:8      | Found a bloodstained altar of Trog.
  8480 | D:8      | Became a worshipper of Trog the Wrathful
  8595 | D:8      | Noticed Joseph
  8604 | D:8      | Killed Joseph
  8604 | D:8      | Reached skill level 11 in Long Blades
  8722 | D:8      | Acquired Trog's first power
  8835 | D:8      | Found a stormy altar of Qazlal.
  9276 | D:8      | Reached skill level 10 in Fighting
  9276 | D:8      | Reached XP level 10. HP: 93/93 MP: 10/12
  9328 | D:9      | Found a staircase to the Orcish Mines.
  9407 | D:9      | Reached skill level 1 in Armour
  9649 | D:9      | Identified a +0 rod of destruction (11/11) (You found it on level 9 of the Dungeon)
  9665 | D:9      | Noticed a rakshasa
  9698 | D:10     | Entered Level 10 of the Dungeon
  9711 | D:10     | Acquired Trog's second power
  9783 | D:10     | Reached skill level 12 in Long Blades
 10041 | D:10     | Noticed Erolcha
 10128 | D:10     | Killed Erolcha
 10166 | D:10     | Reached skill level 5 in Armour
 10550 | D:10     | Killed an unseen horror
 10686 | D:10     | Reached skill level 13 in Long Blades
 11385 | D:9      | Found Puowuic's Magic Scroll Emporium.
 11391 | D:9      | Bought a scroll of blinking for 97 gold pieces
 11391 | D:9      | Bought a scroll of identify for 26 gold pieces
 11391 | D:9      | Bought a scroll of identify for 26 gold pieces
 11391 | D:9      | Bought a scroll of amnesia for 45 gold pieces
 11401 | D:9      | Identified a scroll of acquirement
 11403 | D:9      | Identified a +6 rod of clouds (9/9) (You acquired it on level 9 of the Dungeon)
 11570 | D:9      | Found a staircase to the Lair.
 11662 | D:9      | Killed a rakshasa
 11662 | D:9      | Reached XP level 11. HP: 75/99 MP: 10/13
 12209 | Lair:1   | Entered Level 1 of the Lair of Beasts
 12232 | Lair:1   | Noticed an eight-headed hydra
 12241 | Lair:1   | Killed an eight-headed hydra
 12682 | Lair:1   | Acquired Trog's third power
 12682 | Lair:1   | Reached skill level 14 in Long Blades
 13827 | Lair:2   | Received a gift from Trog
 13827 | Lair:2   | Reached skill level 10 in Armour
 13944 | Lair:2   | Identified the Tome of the Volcanoes (You found it on level 2 of the Lair of Beasts)
 14387 | Lair:2   | Noticed a six-headed hydra
 14394 | Lair:2   | Killed a six-headed hydra
 14394 | Lair:2   | Received a gift from Trog
 14424 | Lair:2   | Reached XP level 12. HP: 78/106 MP: 16/19
 15126 | Lair:2   | Received a gift from Trog
 15789 | Lair:3   | Reached skill level 10 in Evocations
 15972 | Lair:3   | Noticed Gastronok
 16223 | Lair:3   | Killed Gastronok
 16349 | Lair:3   | Found a staircase to the Snake Pit.
 16472 | Lair:3   | Received a gift from Trog
 16472 | Lair:3   | Reached XP level 13. HP: 113/113 MP: 23/23
 17025 | Lair:3   | Upgraded the game from 0.15-a0-2265-gb33f7a6 to 0.15-a0-2352-g26abbdd
 17569 | Lair:4   | Reached skill level 10 in Crossbows
 17842 | Lair:4   | Noticed Erica
 17850 | Lair:4   | Killed Erica
 18699 | Lair:5   | Received a gift from Trog
 18811 | Lair:5   | Received a gift from Trog
 18861 | Lair:5   | Received a gift from Trog
 20167 | Lair:6   | Received a gift from Trog
 20401 | Lair:6   | Found a staircase to the Slime Pits.
 20401 | Lair:6   | Found a viscous altar of Jiyva.
 20578 | Lair:6   | Reached XP level 14. HP: 86/121 MP: 22/26
 21000 | Lair:6   | Found a staircase to the Swamp.
 22350 | Lair:7   | Found a shimmering altar of Xom.
 23150 | Lair:7   | Noticed Snorg
 23166 | Lair:7   | Killed Snorg
 23446 | Lair:8   | Entered Level 8 of the Lair of Beasts
 23488 | Lair:8   | Received a gift from Trog
 24430 | Lair:8   | Received a gift from Trog
 24434 | Lair:8   | Got a jewelled arbalest {god gift}
 24435 | Lair:8   | Identified the +8 arbalest of Vengeance {elec, rElec rF+ Stlth--} (Trog gifted it to you on level 8 of the Lair of Beasts)
 24859 | Lair:8   | Noticed Nergalle
 24875 | Lair:8   | Killed Nergalle
 25970 | Orc:1    | Entered Level 1 of the Orcish Mines
 25987 | Orc:1    | Received a gift from Trog
 26457 | Orc:3    | Noticed Josephine
 26591 | Orc:1    | Found a radiant altar of Vehumet.
 26719 | Orc:3    | Killed Josephine
 26756 | Orc:3    | Found a staircase to the Elven Halls.
 26781 | Orc:2    | Found Scha Tulu's Book Boutique.
 27089 | Orc:3    | Noticed Maurice
 27095 | Orc:3    | Killed Maurice
 27194 | Orc:3    | Received a gift from Trog
 27323 | Orc:3    | Found a roughly hewn altar of Beogh.
 27527 | Orc:3    | Received a gift from Trog
 27542 | Orc:3    | Found a roughly hewn altar of Beogh.
 28062 | Orc:4    | Entered Level 4 of the Orcish Mines
 28142 | Orc:4    | Found a roughly hewn altar of Beogh.
 28412 | Orc:4    | Received a gift from Trog
 28618 | Orc:4    | Noticed an orc warlord
 28634 | Orc:4    | Reached XP level 15. HP: 126/126 MP: 29/29
 28644 | Orc:4    | Killed an orc warlord
 29013 | Orc:4    | Reached skill level 15 in Evocations
 29213 | Orc:4    | Received a gift from Trog
 29438 | Orc:4    | HP: 3/127 [sun demon[an orc high priest] (16)]
 29438 | Orc:4    | Demolished by a sun demon

Action                   |  1- 3 |  4- 6 |  7- 9 | 10-12 | 13-15 || total
-------------------------+-------+-------+-------+-------+-------++-------
Melee: Short sword       |    89 |       |       |       |       ||    89
       Falchion          |     8 |   159 |    51 |       |       ||   218
       Long sword        |       |    92 |   410 |       |       ||   502
       Scimitar          |       |       |   107 |   963 |    10 ||  1080
       Rod               |       |       |       |     1 |       ||     1
       Great sword       |       |       |       |       |  1088 ||  1088
       Claymore          |       |       |       |       |     3 ||     3
 Fire: Blowgun           |       |     8 |    12 |    33 |       ||    53
       Hand crossbow     |       |       |     7 |    14 |       ||    21
       Arbalest          |       |       |       |     8 |    85 ||    93
       Triple crossbow   |       |       |       |       |     9 ||     9
Throw: Stone             |     4 |     9 |       |       |       ||    13
       Javelin           |       |    22 |     1 |     2 |       ||    25
       Throwing net      |       |       |       |       |     2 ||     2
Invok: Berserk           |       |       |       |     2 |     3 ||     5
       Burn Spellbooks   |       |       |       |     2 |     5 ||     7
 Abil: Evoke Flight      |       |       |       |       |     2 ||     2
Evoke: Wand              |     3 |    18 |    28 |    13 |     7 ||    69
       Rod               |       |       |       |    25 |    45 ||    70
       Sack of spiders   |       |       |       |       |     1 ||     1
  Use: Scroll            |     3 |     3 |    15 |     6 |    18 ||    45
       Potion            |     1 |     1 |     4 |     3 |     4 ||    13
 Stab: Betrayed ally     |       |     1 |       |       |       ||     1
       Paralysed         |       |       |     2 |    12 |       ||    14
       Invisible         |       |       |     1 |       |     1 ||     2
       Confused          |       |       |       |     6 |     1 ||     7
       Distracted        |       |       |       |     1 |       ||     1
  Eat: Chunk             |     2 |     8 |    10 |    28 |    47 ||    95
       Beef jerky        |       |     1 |       |     2 |     2 ||     5
       Meat ration       |       |       |     1 |       |     1 ||     2
       Pizza             |       |       |     1 |       |       ||     1
       Fruit             |       |       |       |       |     4 ||     4
